 Dungeon Crawl Stone Soup version 0.29-a0-283-ga02f740833 (webtiles) character file.

Game seed: 17710185842431409607

235 chopper the Chopper (level 6, -2/55 HPs)
             Began as a Hill Orc Fighter on Mar 14, 2022.
             Shot with a sling bullet by a goblin (4 damage)
             ... on level 4 of the Dungeon.
             The game lasted 00:26:35 (2704 turns).

chopper the Chopper (Hill Orc Fighter)              Turns: 2704, Time: 00:26:38

Health: -2/55      AC: 16    Str: 18 (19) XL:     6   Next: 5%
Magic:  6/6        EV:  4    Int:  7 (8)  God:
Gold:   200        SH: 10    Dex: 18      Spells: 5/5 levels left

rFire   . . .      SeeInvis .   a - +1 war axe
rCold   . . .      Faith    .   s - +0 kite shield
rNeg    . . .      Spirit   .   q - +0 plate armour
rPois   .          Reflect  .   p - +0 helmet
rElec   .          Harm     .   (no cloak)
rCorr   .          Rampage  .   k - +0 pair of gloves
Will    +....                   n - +1 pair of boots
Stlth   ..........              (no amulet)
HPRegen 0.18/turn               j - +6 ring of dexterity
MPRegen 0.10/turn               e - ring of willpower

@: about to teleport
A: no striking features
a: no special abilities


You were on level 4 of the Dungeon.
You visited 1 branch of the dungeon, and saw 4 of its levels.

You collected 200 gold pieces.

Inventory:

Hand Weapons
 a - a +1 war axe (weapon)
Armour
 c - a +0 buckler
 k - a +0 pair of gloves (worn)
 n - a +1 pair of boots (worn)
 p - a +0 helmet (worn)
 q - a +0 plate armour (worn)
 s - a +0 kite shield (worn)
Magical Staves
 u - a staff of cold
Jewellery
 e - a ring of willpower (right hand)
 j - a +6 ring of dexterity (left hand)
 l - an amulet of faith
 m - a ring of protection from fire
 r - a +6 ring of strength
Scrolls
 f - 3 scrolls of magic mapping
 g - 2 scrolls of identify
Potions
 d - a potion of might


   Skills:
 + Level 4.8 Fighting
 + Level 5.5 Axes
 + Level 4.3 Armour
 + Level 0.4 Dodging
 + Level 4.0 Shields


You had 5 spell levels left.
You didn't know any spells.
Your spell library contained the following spells:

 Spells                   Type           Power      Damage    Failure   Level
 Foxfire                  Conj/Fire      0%         2x1d4     100%        1
 Magic Dart               Conj           0%         1d3       100%        1
 Slow                     Hex            0%         N/A       100%        1


Dungeon Overview and Level Annotations

Branches:
Dungeon (4/15)
 Temple: D:4-7

Altars:

Shops:
D:2 =   D:3 *


Message History

The orc shouts!
The goblin shouts!
The kobold shouts!
The hobgoblin shouts!
You hear a shout!
You completely miss the hobgoblin.
You catch the helpless orc completely off-guard!
You hit the orc. You barely miss the orc.
You flicker back into view.
The goblin shouts!
The hobgoblin hits you but does no damage.
The orc hits you with a +0 hand axe.
* * * LOW HITPOINT WARNING * * *
You block the orc's attack.
You hit the hobgoblin.
You kill the hobgoblin!
You slash the orc!
You kill the orc!
You hit the orc.
You kill the orc!
You slash the orc!
You kill the orc!
The ball python bites you but does no damage.
The ball python barely misses you.
A goblin comes into view. It is wielding a +0 dagger.
The goblin shouts!
The goblin unwields a +0 dagger.
The goblin wields a +0 hunting sling.
The goblin shoots a sling bullet.
The sling bullet hits you but does no damage.
You see here a hobgoblin corpse.
As you read the scroll of teleportation, it crumbles to dust.
You feel strangely unstable.
A hobgoblin comes into view.
The ball python bites you but does no damage.
You block the ball python's attack.
The goblin shoots a sling bullet.
You block the sling bullet.
You slash the ball python!
You kill the ball python!
The goblin unwields a +1 dagger of venom.
It stops dripping with poison.
The goblin wields a +0 hunting sling.
The goblin shoots a sling bullet.
You block the sling bullet.
The goblin shoots a sling bullet.
The sling bullet hits you.
You die...

# .. ## ###g#
....##. ...
$......#.# ....
#@.#
.....##.#####.#
......ogo......
.###.##..K.....
#.o.........
..o.o......#.##
.#####g###.# #
#. ... ..# #.
##.#


You could see an orc wizard, an orc, a hobgoblin, 2 goblins and a kobold.

Vanquished Creatures
  A scorpion (D:4)
  A hound (D:4)
  Natasha (D:3)
  Robin (D:3)
  An adder (D:2)
  2 dart slugs
  5 orcs
  9 ball pythons
  5 bats
  5 endoplasms
  3 giant cockroaches
  16 goblins
  4 hobgoblins
  4 jackals (D:1)
  3 kobolds
  6 frilled lizards
  7 rats
74 creatures vanquished.

Vanquished Creatures (collateral kills)
  A gnoll (D:4)
  An adder (D:4)
2 creatures vanquished.

Vanquished Creatures (others)
  A fungus (D:2)
  A plant (D:2)
2 creatures vanquished.

Grand Total: 78 creatures vanquished

Notes
Turn   | Place    | Note
-------+----------+-------------------------------------------
     0 | D:1      | chopper the Hill Orc Fighter began the quest for the Orb.
     0 | D:1      | Reached XP level 1. HP: 19/19 MP: 1/1
    77 | D:1      | Reached XP level 2. HP: 13/27 MP: 2/2
   480 | D:1      | Reached XP level 3. HP: 28/33 MP: 3/3
   729 | D:1      | Reached skill level 3 in Axes
  1224 | D:2      | Found a faded altar of an unknown god.
  1554 | D:2      | Found Umerghask's Jewellery Shop.
  1801 | D:3      | Reached XP level 4. HP: 41/41 MP: 4/4
  1893 | D:3      | Got Spellcraft, Part One
  1900 | D:3      | Noticed Robin
  1960 | D:3      | Killed Robin
  2155 | D:3      | Noticed Natasha
  2165 | D:3      | Killed Natasha
  2166 | D:3      | Reached skill level 4 in Axes
  2210 | D:3      | Found Wapp's Assorted Antiques.
  2255 | D:3      | Reached XP level 5. HP: 47/47 MP: 5/5
  2649 | D:4      | HP: 2/47 [adder (1)]
  2683 | D:4      | Reached skill level 5 in Axes
  2684 | D:4      | Reached XP level 6. HP: 6/55 MP: 6/6
  2692 | D:4      | HP: 2/55 [gnoll/+0 spear (6)]
  2700 | D:4      | HP: 2/55 [orc/+0 hand axe (2)]
  2704 | D:4      | Shot with a sling bullet by a goblin

Illustrated notes

Levels and vault maps discovered:
D:1:      dpeg_arrival_short_road, layout_basic, chequers_garden, minmay_unequal
D:2:      layout_rooms, shapermc_ecumenical_altar_acropolis, serial_shops,
          nicolae_square_shop
D:3:      layout_loops_cross, serial_shops, nicolae_shop_advertising_works
          [nicolae_subvault_shop_adworks], uniq_natasha, uniq_robin
D:4:      layout_rooms, kennysheep_generic_room_5

Skill      XL: |  1  2  3  4  5 |
---------------+----------------+-----
Fighting       | 4 |  4.8
Axes           | 3 4 5 |  5.5
Armour         | 4 |  4.3
Shields        | 4 |  4.0
Dodging        | |  0.4

Action                   |  1- 3 |  4- 6 || total
-------------------------+-------+-------++-------
Melee: War axe           |   105 |    94 ||   199
  Use: Scroll            |     5 |     5 ||    10
       Potion            |     4 |     3 ||     7
 Stab: Invisible         |       |     1 ||     1
Armor: Scale mail        |    72 |    24 ||    96
       Plate armour      |       |    48 ||    48
Dodge: Dodged            |    56 |    47 ||   103
Block: Buckler           |    25 |    27 ||    52
       Kite shield       |       |    25 ||    25

Table legend: (Time is in decaauts)
 A = Elapsed time spent in this place.
 B = Non-inter-level travel time spent in this place.
 C = Inter-level travel time spent in this place.
 D = Time resting spent in this place.
 E = Time spent auto-exploring this place.
 F = Levels seen in this place.
 G = Mean time per level.
                   A        B        C        D        E       F      G
               +--------+--------+--------+--------+--------+-----+--------+
         Total |   2790 |   2790 |      0 |      0 |      0 |   4 |  697.5 |
       Dungeon |   2790 |   2790 |      0 |      0 |      0 |   4 |  697.5 |
               +--------+--------+--------+--------+--------+-----+--------+

Top non-repeatable levels by time:
     D:1: 1050 daAuts
     D:3: 866 daAuts
     D:2: 659 daAuts
     D:4: 213 daAuts
